 Dungeon Crawl Stone Soup version 0.21-a0-528-gf531e82 (webtiles) character file.

2194 Amnesiac the Shooter (level 9, -3/68 HPs)
             Began as a Mummy Hunter on Dec 8, 2017.
             Was a Priest of Okawaru.
             Slain by an orc warrior
             ... wielding a +0 short sword
              (15 damage)
             ... on level 8 of the Dungeon.
             The game lasted 00:08:51 (7123 turns).

Amnesiac the Shooter (Mummy Hunter)                 Turns: 7123, Time: 00:08:52

Health: -3/68      AC: 14    Str: 18    XL:     9   Next: 12%
Magic:  11/11      EV: 15    Int: 10    God:    Okawaru [***...]
Gold:   215        SH:  0    Dex: 13    Spells: 7/9 levels left

rFire    . . .     SeeInvis .   q - +2 whip (elec)
rCold    + . .     Gourm    .   (no shield)
rNeg     + + +     Faith    .   f - +2 chain mail {rC+}
rPois    ∞         Spirit   .   n - +0 helmet
rElec    .         Reflect  .   (no cloak)
rCorr    .         Harm     .   (no gloves)
MR       +....                  e - +0 pair of boots
Stlth    ..........             (no amulet)
HPRegen  0.21/turn              s - ring of fire
MPRegen  0.12/turn              p - +6 ring of evasion

@: no status effects
A: no food or potions, fire vulnerability, cold resistance 1, negative energy
resistance 3, torment resistance, unbreathing
a: Heroism, Renounce Religion


You were on level 8 of the Dungeon.
You worshipped Okawaru.
Okawaru was most pleased with you.
You were not hungry.

You visited 1 branch of the dungeon, and saw 8 of its levels.

You collected 312 gold pieces.
You spent 97 gold pieces at shops.

Inventory:

Hand Weapons
 a - a +1 shortbow
 b - a +1 dagger of speed
 c - a -2 hunting sling
 q - a +2 whip of electrocution (weapon)
Missiles
 d - 78 arrows
 i - 223 stones (quivered)
Armour
 e - a +0 pair of boots (worn)
 f - a +2 chain mail of cold resistance (worn)
 n - a +0 helmet (worn)
Jewellery
 g - an uncursed ring of ice
 p - a +6 ring of evasion (right hand)
 s - a ring of fire (left hand)
 t - an uncursed ring of wizardry
Scrolls
 h - 12 scrolls of remove curse {!r}
 j - 2 scrolls of teleportation {!r}
 l - a scroll of amnesia {!r}
 m - 4 scrolls of enchant weapon {!r}
 o - a scroll of magic mapping {!r}
 r - a scroll of identify {!r}
 u - a scroll of immolation {!r}
 w - a scroll of vulnerability {!r}
 x - a scroll of summoning {!r}
 y - a scroll of fear {!r}
Books
 k - a book of Minor Magic

   Spells                             Type                      Level
   a - Magic Dart                     Conjuration                  1
   b - Blink                          Translocation                2
   c - Call Imp                       Summoning                    2
   d - Slow                           Hexes                        2
   e - Conjure Flame                  Conjuration/Fire             3
   f - Mephitic Cloud                 Conjuration/Poison/Air       3
 v - a book of Power

   Spells                             Type                      Level
   a - Iskenderun's Battlesphere      Conjuration/Charms           5
   b - Venom Bolt                     Conjuration/Poison           5
   c - Bolt of Magma                  Conjuration/Fire/Earth       5
   d - Iron Shot                      Conjuration/Earth            6
   e - Orb of Destruction             Conjuration                  7
   f - Spellforged Servitor           Conjuration/Summoning        7


   Skills:
 + Level 5.5 Fighting
 * Level 6.8 Bows
 + Level 4.4 Armour
 + Level 4.3 Dodging
 - Level 0.7 Stealth
 + Level 0.8 Spellcasting
 + Level 2.8 Invocations


You had 7 spell levels left.
You knew the following spells:

 Your Spells              Type           Power        Failure   Level  Hunger
v - Blink                 Tloc           N/A          100%        2    N/A

Dungeon Overview and Level Annotations

Branches:
Dungeon (8/15)             Temple (0/1) D:5
   Lair: D:8-11

Altars:
Ashenzari
Cheibriados
Fedhas
Kikubaaqudgha
Okawaru
Ru
Uskayaw
Wu Jian
Zin

Shops:
D:4 ?   D:5 [   D:6 %


Innate Abilities, Weirdness & Mutations

You do not eat or drink.
Your flesh is vulnerable to fire.
You are immune to poison.
Your flesh is cold resistant. (rC+)
You are immune to negative energy. (rN+++)
You are immune to unholy pain and torment.
You can survive without breathing.


Message History

The orc warrior zaps a wand.
The puff of flame hits you!
* * * LOW HITPOINT WARNING * * *
Search for what [Enter for "scro", or ? for help]? sl Unknown command.
The orc warrior zaps a wand.
The puff of flame hits you!
The orc warrior zaps a wand.
The puff of flame misses you.
You see here a dagger.
The orc warrior zaps a wand.
The puff of flame misses you.
The orc warrior zaps a wand.
The puff of flame hits you!
There is a stone staircase leading up here.
The orc warrior zaps a wand.
The puff of flame hits you!
* * * LOW HITPOINT WARNING * * *
You climb upwards.
There is a stone staircase leading down here.
You start resting.
HP restored.
You start resting.
HP restored.
You climb downwards.
There is a stone staircase leading up here.
The orc warrior zaps a wand.
The puff of flame misses you.
The orc warrior zaps a wand.
The puff of flame hits you!
You hit the orc warrior but do no damage.
The orc warrior zaps a wand.
The puff of flame hits you!
You closely miss the orc warrior.
The orc warrior hits you with a short sword.
You hit the orc warrior but do no damage.
The orc warrior zaps a wand.
The puff of flame hits you!
You hit the orc warrior but do no damage.
Lightning courses through the orc warrior!
The orc warrior is moderately wounded.
The orc warrior hits you with a short sword!
You completely miss the orc warrior.
The orc warrior is moderately wounded.
The orc warrior hits you but does no damage.
The orc warrior barely misses you.
You closely miss the orc warrior.
The orc warrior is moderately wounded.
The orc warrior hits you with a short sword!
You hit the orc warrior.
The orc warrior is heavily wounded.
The orc warrior zaps a wand.
The puff of flame misses you.
You closely miss the orc warrior.
The orc warrior is heavily wounded.
The orc warrior hits you with a short sword!
* * * LOW HITPOINT WARNING * * *
You hit the orc warrior.
The orc warrior is severely wounded.
The orc warrior hits you with a short sword!
* * * LOW HITPOINT WARNING * * *
You hit the orc warrior.
The orc warrior is almost dead.
The orc warrior hits you with a short sword.
* * * LOW HITPOINT WARNING * * *
There is a stone staircase leading up here.
That item cannot be evoked!
Throwing (i - inventory):
i - 223 stones (quivered)
Press: ? - help, Shift-Dir - straight line, f - orc warrior
Aim: an orc warrior, wielding a short sword, wearing a chain mail and carrying a wand of flame (21) (almost dead)
Okay, then.
You closely miss the orc warrior.
The orc warrior is almost dead.
The orc warrior hits you with a short sword!
You die...

############ ####
#..@........
...##.#o########
#.#...<.......
####......#######
.........÷.....#
......>..[.#.#.#
.........[...#
##.......#####.
#..%..........#


You could see an orc warrior.

Vanquished Creatures
  The ghost of Phong the Magician, a novice GnSk of Hepliaklqana (D:6)
  Sigmund (D:2)
  A hungry ghost (D:5)
  2 phantoms (D:6)
  A black bear (D:6)
  An orc warrior (D:8)
  A bullfrog (D:6)
  A scorpion (D:6)
  5 killer bees (D:7)
  3 wights (D:8)
  A quasit (D:5)
  5 hounds
  An orc priest (D:3)
  An orc wizard (D:7)
  3 worker ants
  A hound zombie (D:5)
  A worker ant zombie (D:8)
  3 gnolls (D:5)
  7 adders
  3 shadow imps
  2 worms
  A dart slug (D:4)
  4 leopard geckos
  26 orcs
  4 giant cockroaches
  6 goblins
  5 hobgoblins
  14 jackals
  3 quokkas
  2 ball pythons
  3 bats
  A frilled lizard (D:1)
  6 kobolds
  A leopard gecko skeleton (D:5)
  9 rats
130 creatures vanquished.

Vanquished Creatures (others)
  A quokka (D:8)
1 creature vanquished.

Grand Total: 131 creatures vanquished

Notes
Turn   | Place    | Note
-------+----------+-------------------------------------------
     0 | D:1      | Amnesiac the Mummy Hunter began the quest for the Orb.
     0 | D:1      | Reached XP level 1. HP: 16/16 MP: 1/1
   121 | D:1      | Reached skill level 1 in Armour
   455 | D:1      | Reached XP level 2. HP: 22/22 MP: 2/2
  1028 | D:2      | Reached XP level 3. HP: 23/27 MP: 3/3
  1040 | D:2      | Found an ornate altar of the Wu Jian Council.
  1064 | D:2      | Noticed Sigmund
  1068 | D:2      | Killed Sigmund
  1068 | D:2      | Reached skill level 4 in Bows
  1068 | D:2      | Reached XP level 4. HP: 33/34 MP: 4/4
  1068 | D:2      | Reached XP level 5. HP: 39/40 MP: 5/5
  1346 | D:2      | Found a blossoming altar of Fedhas.
  1348 | D:2      | Found a snail-covered altar of Cheibriados.
  1348 | D:2      | Found an iron altar of Okawaru.
  1349 | D:2      | Found an ancient bone altar of Kikubaaqudgha.
  1349 | D:2      | Found a shattered altar of Ashenzari.
  1403 | D:2      | Became a worshipper of Warmaster Okawaru
  1647 | D:3      | Noticed a hand axe
  1647 | D:3      | Found a hide-covered altar of Uskayaw.
  1648 | D:3      | Noticed a dagger
  1795 | D:3      | Reached XP level 6. HP: 45/47 MP: 6/6
  1988 | D:3      | Learned a level 2 spell: Blink
  2766 | D:4      | Found Hoem's Magic Scroll Boutique.
  2772 | D:4      | Bought a scroll of enchant weapon for 97 gold pieces
  3059 | D:4      | Found a glowing silver altar of Zin.
  3172 | D:5      | Entered Level 5 of the Dungeon
  3202 | D:5      | Noticed a hungry ghost
  3209 | D:5      | Killed a hungry ghost
  3243 | D:5      | Reached XP level 7. HP: 53/53 MP: 7/7
  3503 | D:5      | Reached skill level 5 in Bows
  3510 | D:5      | Found a sacrificial altar of Ru.
  3552 | D:5      | Found Duboplea's Antique Armour Shoppe.
  3808 | D:5      | Found a staircase to the Ecumenical Temple.
  4065 | D:6      | Reached * piety under Okawaru
  4425 | D:6      | Reached skill level 1 in Invocations
  4511 | D:6      | Reached ** piety under Okawaru
  4511 | D:6      | Reached XP level 8. HP: 56/61 MP: 8/8
  4646 | D:6      | Noticed Phong's ghost (novice GnSk)
  5320 | D:6      | Killed Phong's ghost
  5320 | D:6      | Reached skill level 5 in Fighting
  5320 | D:6      | Reached skill level 6 in Bows
  5575 | D:6      | Found Oshizuf's Food Emporium.
  6805 | D:8      | Reached *** piety under Okawaru
  6805 | D:8      | Reached XP level 9. HP: 60/68 MP: 11/11
  7123 | D:8      | Slain by an orc warrior

Vault maps used:
D:1:      roderic_dead_forest
D:2:      overflow_temple_1_default, grunt_temple_overflow_open, uniq_sigmund
D:3:      dancing_weapons_uskayaw, first_bread, minivault_27
D:4:      kennysheep_mini_moat, serial_shops, nicolae_shop_waterfront
D:5:      nicolae_ru_great_annihilating_truth, minmay_temple_entry_fiery,
          serial_shops, nicolae_shop_stone
D:6:      serial_shops, shop
D:8:      hangedman_cross_stitches, elyvilon_altar_4, lair_entry_dummy,
          st_stairs_13

Skill      XL: |  1  2  3  4  5  6  7  8 |
---------------+-------------------------+-----
Armour         | 1 2 3 4 |  4.4
Bows           | 4 5 6 |  6.8
Dodging        | 2 3 4 |  4.3
Fighting       | 3 4 5 |  5.5
Invocations    | 1 2 |  2.8
Stealth        | |  0.7
Spellcasting   | |  0.8

Action                   |  1- 3 |  4- 6 |  7- 9 || total
-------------------------+-------+-------+-------++-------
Melee: Whip              |       |    41 |   487 ||   528
 Fire: Shortbow          |    41 |   138 |       ||   179
       Hunting sling     |    24 |       |       ||    24
Throw: Throwing net      |     1 |       |       ||     1
  Use: Scroll            |     1 |     4 |     6 ||    11
 Stab: Paralysed         |       |       |     2 ||     2
Armor: Ring mail         |     2 |    13 |       ||    15
       Chain mail        |       |    35 |   213 ||   248
Dodge: Dodged            |    10 |    47 |   306 ||   363

Table legend:
 A = Spawn XP
 B = Non-spawn XP
 C = Spawn XP percentage of total XP
 D = Spawn monster count
 E = Non-spawn monster count
 F = Spawn count percentage of total count
 G = Total turns spent on level
                    A         B        C        D         E        F      G
               +---------+---------+-------+---------+---------+-------+---------
         Total |       0 |    3135 |   0.0 |       0 |     130 |   0.0 |  7123
               +---------+---------+-------+---------+---------+-------+---------
           D:1 |       0 |      15 |   0.0 |       0 |      11 |   0.0 |   874
           D:2 |       0 |     300 |   0.0 |       0 |      20 |   0.0 |   725
           D:3 |       0 |      81 |   0.0 |       0 |      19 |   0.0 |   976
           D:4 |       0 |      80 |   0.0 |       0 |      13 |   0.0 |   597
           D:5 |       0 |     415 |   0.0 |       0 |      24 |   0.0 |  1273
           D:6 |       0 |    1361 |   0.0 |       0 |      18 |   0.0 |  1208
           D:7 |       0 |     449 |   0.0 |       0 |      15 |   0.0 |  1309
           D:8 |       0 |     434 |   0.0 |       0 |      10 |   0.0 |   161
               +---------+---------+-------+---------+---------+-------+---------
